 Dungeon Crawl Stone Soup version 0.32-a0-30-gefbe487952 (webtiles) character file.

Game seed: 1805746084165622795

609647 runemasterragnar the Slayer (level 25, -7/323 HPs)
             Began as a Pale Draconian Shapeshifter on Jan 18, 2024.
             Was a High Priest of Jiyva.
             Mangled by an Orb Guardian (45 damage)
             ... on level 5 of the Realm of Zot on Jan 19, 2024.
             The game lasted 02:26:39 (53588 turns).

runemasterragnar the Slayer (DrSh)                 Turns: 53588, Time: 02:26:40

Health: -7/323     AC: 40    Str: 31    XL:     25   Next: 92%
Magic:  23/23      EV: 17    Int: 17    God:    Jiyva [*****.]
Gold:   3087       SH: 21    Dex: 12    Spells: 15/24 levels left

rFire   + +          .
                       - Unarmed
rCold   + + +        l - +3 kite shield {rC+ rF+}
rNeg    + + .        (body armour unavailable)
rPois   ∞            (helmet restricted)
rElec   +            e - +4 dragonskin cloak
rCorr   +            (gloves currently unavailable)
SInv    .            (boots currently unavailable)
Will    +++..        S - amulet "Aniorghe" {Reflect rPois rF+ rCorr Str+2 SH+5}
Stlth   +            j - ring "Xoepparr" {rC+ rN+ Will+ Str+6 Int+2}
HPRegen 2.17/turn    C - ring of protection from cold
MPRegen 0.90/turn

%: reflection
@: about to teleport, statue-form, marked, slowed, studying 6 skills, very slow
A: slow and powerful, torment resistance 1, boosted hp, (breathe steam), AC +12,
unfitting armour, cold-blooded, steam resistance, hooves 2, horns 2, cold
resistance 3, weak 1, (gelatinous body 1), evolution 2, inability to drink after
injury 1
0: Orb of Zot
}: 4/15 runes: decaying, serpentine, slimy, silver
a: Begin Untransformation, Renounce Religion, Oozemancy, Slimify


You were on level 5 of the Realm of Zot.
You worshipped Jiyva.
Jiyva was extremely pleased with you.
You were a living statue of rough stone.
You visited 12 branches of the dungeon, and saw 56 of its levels.
You also visited: Trove and Volcano.

You collected 4623 gold pieces.
You spent 1536 gold pieces at shops.

Inventory:

Missiles
 G - a throwing net (quivered)
Armour
 e - the +4 dragonskin cloak (worn)
   (You took it off Tiamat on level 4 of the Depths)

   Avatar's Aegis: It grants the wearer a chance to resist fire, cold, poison,
   electricity, acid, and negative energy.
 l - a +3 kite shield of resistance (worn)
 w - the orb of the Skiapode {*channel, Will++ rCorr Int-4}
   (You took it off Frederick on level 3 of the Vaults)

   Int-4:     It affects your intelligence (-4).
   Will++:    It greatly increases your willpower.
   rCorr:     It protects you from acid and corrosion.
 N - a +2 cloak of fire resistance
Jewellery
 h - the ring of Soxias {rCorr Int+3 Dex+3 SInv}
   (You took it off a deep elf high priest on level 3 of the Elven Halls)

   [ring of see invisible]

   Int+3:     It affects your intelligence (+3).
   Dex+3:     It affects your dexterity (+3).
   SInv:      It lets you see invisible.
   rCorr:     It protects you from acid and corrosion.
 j - the ring "Xoepparr" (left fist) {rC+ rN+ Will+ Str+6 Int+2}
   (You found it on level 1 of the Depths)

   [ring of strength]

   Str+6:     It affects your strength (+6).
   Int+2:     It affects your intelligence (+2).
   rC+:       It protects you from cold.
   rN+:       It protects you from negative energy.
   Will+:     It increases your willpower.
 p - a ring of positive energy
 v - a ring of positive energy
 C - a ring of protection from cold (right fist)
 E - a ring of willpower
 K - the amulet "Etaicame" {+Blink Regen+ Stlth+}
   (You found it on level 5 of the Pits of Slime)

   [amulet of regeneration]

   +Blink:    It lets you blink.
   Regen+:    It increases your rate of health regeneration.
   Stlth+:    It makes you more stealthy.
 S - the amulet "Aniorghe" (around neck) {Reflect rPois rF+ rCorr Str+2 SH+5}
   (You found it on level 1 of the Depths)

   [amulet of reflection]

   Reflect:   It reflects blocked missile attacks.
   Str+2:     It affects your strength (+2).
   rF+:       It protects you from fire.
   rPois:     It protects you from poison rCorr: It protects you from acid and
   corrosion.
   SH+5:      It affects your SH (+5).
Talismans
 z - a storm talisman
 M - a dragon-blood talisman
 Q - the granite talisman "Jaclux" (active) {Will+ Int+2}
   (You found it on level 1 of the Swamp)

   [granite talisman]

   Int+2:     It affects your intelligence (+2).
   Will+:     It increases your willpower.
Wands
 a - a wand of light (4)
 d - a wand of digging (29)
 u - a wand of polymorph (5)
 x - a wand of flame (87)
 A - a wand of roots (12)
 U - a wand of mindburst (1)
 W - a wand of charming (23)
Scrolls
 f - a scroll of butterflies
 g - 4 scrolls of teleportation
 k - 5 scrolls of poison
 y - 2 scrolls of silence
 B - 9 scrolls of identify
 J - 3 scrolls of fear
 O - 2 scrolls of fog
 X - 3 scrolls of revelation
Potions
 c - a potion of cancellation
 i - 6 potions of enlightenment
 m - 2 potions of brilliance
 n - 2 potions of invisibility
 s - 2 potions of might
 t - 2 potions of magic
 F - 2 potions of berserk rage
 H - 7 potions of curing
 I - 4 potions of attraction
 P - 5 potions of mutation
 Y - a potion of haste
 Z - a potion of heal wounds
Miscellaneous
 b - a lightning rod (4/4)
 o - a condenser vane
 q - a box of beasts
 r - a phantom mirror


   Skills:
 + Level 25.0 Fighting
 - Level 13.7 Dodging
 - Level 15.7 Shields
 + Level 23.4 Unarmed Combat
 - Level 16.9 Evocations
 + Level 23.0 Shapeshifting


You had 15 spell levels left.
You knew the following spells:

 Your Spells              Type           Power      Damage    Failure   Level
a - Fire Storm            Conj/Fire      0%         5d1       100%        9

Your spell library contained the following spells:

 Spells                   Type           Power      Damage    Failure   Level
 Apportation              Tloc           0%         N/A       30%         1
 Kiss of Death            Conj/Necr      0%         2d5       30%         1
 Magic Dart               Conj           0%         1d3       30%         1
 Necrotise                Necr           0%         1d4       30%         1
 Sandblast                Erth           0%         2d4       30%         1
 Slow                     Hex            0%         N/A       30%         1
 Sting                    Conj/Alch      0%         1d3       30%         1
 Summon Small Mammal      Summ           0%         N/A       30%         1
 Blink                    Tloc           0%         N/A       43%         2
 Call Imp                 Summ           0%         N/A       43%         2
 Cigotuvi's Dreadful Rot  Necr/Alch/Air  0%         N/A       43%         2
 Ensorcelled Hibernation  Hex/Ice        0%         N/A       43%         2
 Jinxbite                 Hex            0%         N/A       43%         2
 Mercury Vapours          Alch/Air       0%         N/A       43%         2
 Scorch                   Fire           0%         2d5       43%         2
 Searing Ray              Conj           0%         2d4       43%         2
 Call Canine Familiar     Summ           0%         N/A       67%         3
 Confusing Touch          Hex            0%         N/A       67%         3
 Dazzling Flash           Conj/Hex       0%         N/A       67%         3
 Fugue of the Fallen      Necr           0%         N/A       67%         3
 Mephitic Cloud           Conj/Alch/Air  0%         N/A       67%         3
 Sigil of Binding         Hex            0%         N/A       67%         3
 Stone Arrow              Conj/Erth      0%         3d7       67%         3
 Summon Ice Beast         Ice/Summ       0%         N/A       67%         3
 Tukima's Dance           Hex            0%         N/A       67%         3
 Vampiric Draining        Necr           0%         2d6       67%         3
 Anguish                  Hex/Necr       0%         N/A       97%         4
 Animate Dead             Necr           0%         N/A       97%         4
 Brom's Barrelling Bould  Conj/Erth      0%         2d3       97%         4
 Cause Fear               Hex            0%         N/A       97%         4
 Dimensional Bullseye     Hex/Tloc       0%         N/A       97%         4
 Dispel Undead            Necr           0%         3d6       97%         4
 Fulminant Prism          Conj/Alch      0%         3d5       97%         4
 Iskenderun's Mystic Bla  Conj/Tloc      0%         2d3       97%         4
 Martyr's Knell           Necr/Summ      0%         N/A       97%         4
 Petrify                  Alch/Erth      0%         N/A       97%         4
 Summon Blazeheart Golem  Fire/Summ      0%         N/A       97%         4
 Vhi's Electric Charge    Tloc/Air       0%         N/A       97%         4
 Arcjolt                  Conj/Air       0%         1d10      100%        5
 Borgnjor's Vile Clutch   Necr/Erth      0%         N/A       100%        5
 Curse of Agony           Necr           0%         N/A       100%        5
 Fireball                 Conj/Fire      0%         3d3       100%        5
 Irradiate                Conj/Alch      0%         3d11      100%        5
 Iskenderun's Battlesphe  Conj           0%         2d6       100%        5
 Metabolic Englaciation   Hex/Ice        0%         N/A       100%        5
 Silence                  Hex/Air        0%         N/A       100%        5
 Yara's Violent Unravell  Hex/Alch       0%         3d3       100%        5
 Bombard                  Conj/Erth      0%         9d1       100%        6
 Conjure Ball Lightning   Conj/Air       0%         3x3d6     100%        6
 Death Channel            Necr           0%         N/A       100%        6
 Sculpt Simulacrum        Ice/Alch       0%         N/A       100%        6
 Enfeeble                 Hex            0%         N/A       100%        7
 Haunt                    Necr/Summ      0%         N/A       100%        7
 Orb of Destruction       Conj           0%         9d5       100%        7
 Ozocubu's Refrigeration  Ice            0%         4d7       100%        7
 Summon Hydra             Summ           0%         N/A       100%        7
 Borgnjor's Revivificati  Necr           0%         N/A       100%        8
 Infestation              Necr           0%         N/A       100%        8
 Lehudib's Crystal Spear  Conj/Erth      0%         10d2      100%        8
 Maxwell's Capacitive Co  Air            0%         ∞         100%        8
 Death's Door             Necr           0%         N/A       100%        9
 Dragon's Call            Summ           0%         N/A       100%        9
 Polar Vortex             Ice            0%         N/A       100%        9
 Sublimation of Blood     Necr           Unusable   N/A       N/A         2
 Animate Armour           Summ/Erth      Unusable   N/A       N/A         4

Dungeon Overview and Level Annotations

Branches:
Dungeon (15/15)            Temple (0/1) D:4            Lair (5/5) D:11
  Swamp (4/4) Lair:3        Snake (4/4) Lair:2        Slime (5/5) Lair:4
    Orc (2/2) D:9             Elf (3/3) Orc:2        Vaults (5/5) D:14
  Crypt (3/3) Vaults:2       Tomb (0/3) Crypt:3      Depths (4/4) D:15
   Hell (visited)             Zot (5/5) Depths:4    Volcano (visited)
    Dis: Hell:1         Geh: Hell:1         Coc: Hell:1         Tar: Hell:1

Altars:
Dithmenos
Elyvilon
Hepliaklqana
Kikubaaqudgha
Makhleb
Nemelex Xobeh
Okawaru
Sif Muna
Trog
Uskayaw
Vehumet
Xom
Yredelemnul
The Shining One
Jiyva

Shops:
D:4 =   D:11 *   Orc:1 (   Orc:2 *[([   Elf:3 [   Snake:1 *(   Vaults:2 ?
Vaults:4 [*   Vaults:5 [

Portals:
Hell: Depths:1 Depths:2 Depths:3 Depths:4
Abyss: Depths:3
Pandemonium: Depths:2
Ziggurat: Depths:2

Annotations:
Snake:1 2 transporters, Musi's ghost, adept DsAl
Slime:5 Royal Jelly
Crypt:3 1 runed translucent door, Pimiptod's ghost, adept MiFi
Hell exclusion: 2 ice statues
Zot:1 3 runed translucent doors, Unkupp's ghost, veteran OnBe
Zot:3 6 runed translucent doors
Zot:5 exclusion: orange crystal statue


Innate Abilities, Weirdness & Mutations

You are a living statue of rough stone.
Your actions are slow, but your melee attacks are powerful.
You are resistant to unholy torment.
Your maximum health is greatly increased.
Your equipment is partially melded.
((You can breathe blasts of scalding, opaque steam.))
((Your pale cyan-grey scales are hard. (AC +12)))
You cannot fit into any form of body armour.
You are immune to poison.
You are cold-blooded and may be slowed by cold attacks.
You are immune to the effects of steam.
You have hoof-like feet.
You have a pair of horns on your head.
Your flesh is almost immune to the effects of cold. (rC+++)
You are weak. (Str -2)
((Your rubbery body absorbs attacks. (AC +1, EV +1)))
You have great hidden genetic potential.
You occasionally lose the ability to drink potions when taking damage.


Message History

Casting: Fire Storm (quite dangerous; 100% risk of failure)
Confirm with . or Enter, or press ? or * to list all spells.
Okay, then.
Unknown command.
You feel much better. The Orb Guardian misses you. The Orb Guardian hits you!!
You block the Orb Guardian's attack. x3
The Killer Klown sucker-punches you but does no damage.
The Orb Guardian hits you!!
* * * LOW HITPOINT WARNING * * *
The Orb Guardian hits you but does no damage.
The green draconian misses you. The Orb Guardian barely misses you.
The Killer Klown blinks!
The Orb Guardian hits you but does no damage.
The Orb Guardian closely misses you. The green draconian barely misses you.
The Killer Klown pokes you with a +9 club.
* * * LOW HITPOINT WARNING * * *
The Orb Guardian barely misses you.
An Orb Guardian comes into view.
Unknown command.
Unknown command.
Unknown command.
You feel much better.
The Orb Guardian hits you but does no damage.
You block the green draconian's attack.
An electric golem comes into view.
The Orb Guardian hits you!!
* * * LOW HITPOINT WARNING * * *
The Orb Guardian hits you!!
* * * LOW HITPOINT WARNING * * *
The purple draconian shifter casts a spell.
The purple draconian shifter blinks!
You block the Killer Klown's attack. You block the green draconian's attack.
The Orb Guardian hits you!!
* * * LOW HITPOINT WARNING * * *
The Orb Guardian closely misses you.
The electric golem blinks!
The purple draconian shifter mumbles some strange words.
The purple draconian shifter blinks!
The Killer Klown barely misses you.
The green draconian hits you but does no damage.
The Orb Guardian hits you but does no damage.
The Orb Guardian hits you!!!
You die...

***** ***** ,,,,**** ****,,,,
,,,,,^,*** ***,,,,,,, ,,,,,,,,,**
**,,,,,,,,, ,,,,,,,,,,* ▓▓▓▓▓▓▓▓▓
*,,,,,,,,,,
,,,,,,,,,,*▓▓.......▓▓*,,^,,,,,,,
,,^,,^,,,,▓▓...XXXz..▓▓,,,,,,,^,,
^,,,,,,,,D▓.q..**XXz..▓.,,,,,,,,,
,,^,,,,,zL29DLX*8pXX**yy,,,,,,,,,
,,,,,,q..*▓.X.d**XX...▓*,,,,,^,..
,,,,,,...2▓▓^§..Xz...▓▓,^,,,,,,..
,,,,,,..,,*▓▓.......▓▓*,,,,,,,,..
,,,,,,.,,,* ▓▓▓▓▓▓▓▓▓ *,,,,,,,,..
,,,,,,,,,** **,,,,,,,..
,,,^,,,*** ***,,,,^.. ,,,,****
****,,.. ▓▓▓▓▓▓▓▓# *********


You could see 9 orbs of fire, a Killer Klown, an electric golem, a shadow
dragon, an ancient lich, a dread lich, a storm dragon, a green draconian
(berserk), a purple draconian shifter (summoned), 3 death cobs, 12 Orb
Guardians, a reaper (summoned) and 2 moths of wrath.

Vanquished Creatures
  Tiamat (Depths:4)
  Frederick (Vaults:3)
  A dread lich (Vaults:5)
  Mara (Swamp:3)
  3 ancient liches
  Xtahua (Depths:4)
  Boris (twice) (Crypt:3 Vaults:5)
  Vashnia (Snake:4)
  7 Killer Klowns (Zot:3)
  3 curse toes
  Geryon (Hell)
  Bai Suzhen (Elf:3)
  5 caustic shrikes (Depths:4)
  Saint Roka (Elf:3)
  Nikola (Swamp:1)
  7 golden dragons
  Jory (Vaults:4)
  Norris (Elf:3)
  3 bone dragons
  A shard shrike zombie (Crypt:3)
  A hellephant (Hell)
  Zenata (Elf:3)
  2 electric golems (Zot:2)
  17 tentacled monstrosities
  2 deep elf master archers (Elf:3)
  10 liches
  A walking earthen tome (Depths:3)
  8 Orb Guardians (Zot:5)
  3 deep elf blademasters (Elf:3)
  Mlioglotl (Swamp:3)
  2 titans (Vaults:5)
  A walking frostbound tome (Depths:3)
  9 quicksilver dragons
  8 sphinxes
  A walking divine tome (Depths:1)
  5 ancient champions
  Frances (Snake:2)
  Kirke (D:13)
  6 death cobs
  11 shadow dragons
  5 tengu reavers
  3 nagarajas
  18 storm dragons
  6 draconian monks
  9 protean progenitors
  Aizul (Snake:4)
  6 draconian knights
  A revenant (Crypt:3)
  12 fire giants
  2 iron dragons (Depths:3)
  2 draconian shifters
  3 draconian scorchers
  4 deep elf sorcerers
  11 frost giants
  Louise (Swamp:2)
  3 curse skulls
  A juggernaut zombie (Crypt:3)
  3 ghost moths
  13 vault wardens
  4 draconian stormcallers
  3 deep elf elementalists (Elf:3)
  3 draconian annihilators
  3 reapers
  7 ghouls
  5 orc warlords
  12 very ugly things
  20 stone giants
  14 ironbound preservers
  7 vampire knights
  12 green draconians
  10 deep elf demonologists
  5 eleionomae
  2 dire elephants
  4 ironbound thunderhulks
  9 deep elf death magi
  10 black draconians
  A lorocyproca (Hell)
  2 war gargoyles
  A bunyip (Swamp:2)
  10 deep elf annihilators
  10 white draconians
  4 yellow draconians
  3 red draconians
  27 purple draconians
  2 blizzard demons (Hell)
  4 spark wasps (Depths:4)
  4 eidola
  2 entropy weavers
  A crystal guardian (Vaults:4)
  9 fire dragons
  12 ettins
  4 jiangshi
  Josephine (D:12)
  8 deep elf high priests
  6 ice dragons
  11 yaktaur captains
  A rakshasa (Depths:1)
  4 peacekeepers
  17 hydras
  4 salamander tyrants
  4 ogre magi
  17 anacondas
  2 radroaches (Zot:1)
  33 vault guards
  A ghost crab (Swamp:4)
  3 hell beasts (Hell)
  A quicksilver dragon skeleton (Vaults:3)
  3 boulder beetles
  Erolcha (D:13)
  6 spriggan air magi
  6 alligators
  7 ironbound frosthearts
  A death knight (Crypt:1)
  2 catoblepae
  28 dancing weapons
  Erica (D:10)
  15 centaur warriors
  8 deep troll earth magi
  A demonic crawler (Depths:4)
  13 naga warriors
  7 two-headed ogres
  3 hell hogs (Hell)
  6 deep troll shamans
  5 tengu warriors
  6 vampire magi
  2 storm dragon zombies (Vaults:3)
  An occultist (Depths:1)
  10 naga sharpshooters
  6 orc high priests
  7 spriggan berserkers
  12 sun demons
  12 hell knights
  7 shock serpents
  5 iron trolls
  4 salamander mystics
  14 spriggans
  4 skysharks (Elf:3)
  6 soul eaters
  8 skeletal warriors
  4 arcanists
  23 deep elf knights
  A storm dragon skeleton (Depths:2)
  A death drake (Swamp:3)
  4 shadow wraiths
  4 spriggan druids
  11 swamp dragons
  34 deep trolls
  7 flayed ghosts
  A golden dragon zombie (Depths:2)
  3 goliath frogs
  3 sun moths (Zot:2)
  An anaconda zombie (Crypt:3)
  8 bog bodies
  5 naga ritualists
  A golden dragon skeleton (Crypt:2)
  8 mana vipers
  9 phantasmal warriors
  A fenstrider witch simulacrum (Hell)
  12 deep elf archers
  18 lindwurms
  31 deep elf pyromancers
  19 ironbound convokers
  9 harpies
  10 necromancers
  A wolf spider zombie (Crypt:3)
  A human zombie (Vaults:3)
  23 deep elf zephyrmancers
  22 orc knights
  9 manticores
  6 orc sorcerers
  A fire giant zombie (Crypt:3)
  A wolf spider (Lair:1)
  21 ugly things
  35 salamanders
  A cyclops (Orc:1)
  27 moths of wrath
  7 will-o-the-wisps
  2 stone giant skeletons
  A shadow dragon skeleton (Crypt:2)
  A kobold blastminer (Orc:2)
  36 black mambas
  5 elephants (Lair:3)
  A water nymph (D:15)
  2 centaur zombies (D:11)
  7 guardian serpents
  3 rust devils (Hell)
  9 smoke demons
  14 vault sentinels
  12 naga magi
  4 molten gargoyles (Hell)
  An orange demon (Orc:2)
  A dire elephant skeleton (Crypt:1)
  8 cane toads
  An orc skeleton (Crypt:3)
  A centaur skeleton (Crypt:3)
  4 freezing wraiths
  3 rime drakes
  An alligator snapping turtle skeleton (Crypt:3)
  3 gargoyles (Volcano)
  26 yaktaurs
  3 unseen horrors
  3 komodo dragons
  Jeremiah (Lair:1)
  A hellion (Hell)
  A sea snake zombie (Hell)
  An efreet (D:14)
  5 tengu conjurers
  An anaconda simulacrum (Hell)
  8 guardian mummies
  A harpy zombie (Crypt:1)
  A sea snake skeleton (Hell)
  2 bloated husks
  4 trolls
  3 polar bears
  An iron troll skeleton (Crypt:2)
  Prince Ribbit (D:9)
  10 tyrant leeches
  An alligator simulacrum (Hell)
  A spriggan zombie (Depths:2)
  2 stone giant simulacra
  3 harpy skeletons
  A raiju (Orc:2)
  11 hornets
  13 blink frogs
  An iron dragon simulacrum (Crypt:3)
  A death drake skeleton (Crypt:2)
  A fire giant simulacrum (Depths:2)
  A jumping spider (Lair:1)
  A centaur simulacrum (D:13)
  A meliai zombie (Crypt:1)
  4 air elementals
  13 wraiths
  A satyr skeleton (Crypt:2)
  2 shadows (D:11)
  A yak (shapeshifter) (Elf:3)
  4 basilisks
  12 water elementals
  9 hogs
  5 wargs
  33 yaks
  4 fire elementals
  A fire bat (Orc:2)
  A steam dragon (D:9)
  Grum (D:9)
  3 wyverns
  16 humans
  29 vampire mosquitoes
  3 redbacks (Zot:1)
  17 swamp worms
  A harpy simulacrum (Crypt:1)
  42 nagas
  10 water moccasins
  A merfolk skeleton (Crypt:1)
  3 hell hounds (Orc:2)
  15 swamp drakes
  A black bear (shapeshifter) (D:15)
  63 orc warriors
  2 sky beasts
  4 ice beasts
  16 laughing skulls
  17 ogres
  15 centaurs
  11 wolves
  A blink frog skeleton (Crypt:1)
  A manticore skeleton (Crypt:3)
  A phantom (D:5)
  A lindwurm skeleton (Crypt:3)
  A draconian zombie (Crypt:2)
  A kobold brigand (D:6)
  A salamander zombie (Crypt:2)
  A weeping skull (Volcano)
  6 bullfrogs
  A draconian skeleton (Crypt:2)
  A gnoll sergeant (D:10)
  3 necrophages
  2 earth elementals
  10 wights
  A water moccasin zombie (Crypt:1)
  4 killer bees (D:11)
  4 spriggan skeletons
  2 electric eels
  4 howler monkeys
  5 lava snakes
  2 hounds
  14 orc priests
  Jessica (D:3)
  15 orc wizards
  2 iguanas (D:5)
  2 sleepcaps
  4 hell rats (Lair:3)
  An ogre zombie (Crypt:1)
  7 mummies (Crypt:3)
  Robin (D:2)
  8 gnolls
  3 adders
  A shadow imp (D:7)
  A steam dragon skeleton (Crypt:1)
  14 white imps (D:13)
  4 dart slugs
  A ribbon worm (D:5)
  74 orcs
  3 ball pythons
  3 bats
  2 endoplasms
  6 giant cockroaches
  13 goblins
  11 hobgoblins
  9 jackals
  3 quokkas
  A river rat zombie (Crypt:1)
  2 frilled lizards (D:2)
  8 kobolds
  2 orc zombies
  A quokka skeleton (Crypt:2)
  3 rats (D:2)
  3 aspiring fleshes
  2 butterflies (Zot:3)
2046 creatures vanquished.

Vanquished Creatures (collateral kills)
  A hell hog (Hell)
  2 skeletal warriors (Volcano)
  An arcanist (D:14)
  A swamp dragon (Swamp:1)
  A kobold blastminer (Orc:2)
  A yaktaur (D:13)
  A hornet (Swamp:1)
  A spriggan (Swamp:1)
  2 humans (D:14)
  A swamp drake (Swamp:3)
12 creatures vanquished.

Vanquished Creatures (others)
  An acid blob (Crypt:3)
  2 fire giants
  A draconian shifter (Zot:5)
  A black draconian (Zot:1)
  A green draconian (Depths:4)
  A vampire knight (Depths:3)
  A bunyip (Swamp:1)
  A deep elf high priest (Elf:3)
  A yaktaur captain (Vaults:2)
  2 great orbs of eyes
  2 centaur warriors
  A spriggan air mage (Depths:3)
  An ogre mage (Vaults:5)
  An ironbound frostheart (Vaults:3)
  A dancing weapon (Elf:3)
  2 deep troll shamans
  A hell knight (Hell)
  A soul eater (Crypt:3)
  A spriggan (Swamp:1)
  3 glowing orange brains
  A glowing orange brain (shapeshifter) (Vaults:5)
  3 arcanists
  A steelbarb worm (shapeshifter) (Depths:2)
  4 deep trolls
  An ironbound convoker (Vaults:3)
  4 deep elf zephyrmancers
  3 ugly things (Vaults:2)
  An oklob plant (Lair:3)
  A deep elf pyromancer (Elf:1)
  3 orc sorcerers
  A will-o-the-wisp (Swamp:3)
  A manticore (D:12)
  3 moths of wrath
  A kobold blastminer (Orc:2)
  A naga mage (Snake:2)
  A vault sentinel (Vaults:2)
  An eye of devastation (shapeshifter) (Vaults:5)
  A centaur skeleton (Crypt:3)
  2 yaktaurs
  A yaktaur (shapeshifter) (Depths:2)
  2 bloated husks (Swamp:3)
  A polar bear (D:13)
  A hornet (Swamp:1)
  44 slime creatures
  A glass eye (Depths:3)
  A shadow (D:12)
  A basilisk (D:14)
  A human (D:14)
  A warg (Orc:2)
  A redback (shapeshifter) (Vaults:5)
  A vampire mosquito (D:13)
  A swamp worm (shapeshifter) (Vaults:5)
  2 swamp worms
  3 water moccasins
  4 orc warriors
  A swamp drake (Swamp:4)
  2 centaurs (D:10)
  A wolf (D:13)
  A kobold brigand (D:7)
  3 wights
  A spriggan skeleton (Volcano)
  An electric eel (D:13)
  439 jellies
  4 orc priests
  9 orc wizards
  A hell rat (Lair:3)
  A gnoll (D:10)
  2 adders
  3 white imps (D:13)
  A lava snake zombie (Crypt:3)
  A dart slug (D:4)
  22 orcs
  A bat skeleton (Crypt:2)
  5 endoplasms (Lair:3)
  A goblin (D:4)
  A quokka (D:4)
  A frilled lizard (D:3)
  5 kobolds (D:7)
  5 butterflies (Zot:3)
  14 foxfires
652 creatures vanquished.

Grand Total: 2710 creatures vanquished

Notes
Turn   | Place    | Note
-------+----------+-------------------------------------------
     0 | D:1      | runemasterragnar the Draconian Shapeshifter began the quest
                  | for the Orb.
     0 | D:1      | Reached XP level 1. HP: 16/16 MP: 1/1
    97 | D:1      | Reached XP level 2. HP: 23/23 MP: 2/2
   394 | D:1      | Reached skill level 2 in Fighting
   827 | D:2      | Reached XP level 3. HP: 19/29 MP: 3/3
  1422 | D:2      | Found a faded altar of an unknown god.
  1458 | D:2      | Noticed Robin
  1475 | D:2      | Killed Robin
  1476 | D:2      | Reached XP level 4. HP: 30/37 MP: 4/4
  1579 | D:2      | Prayed at the altar of an unknown god.
  1579 | D:2      | Became a worshipper of Jiyva Jaimar the Shapeless
  1579 | D:2      | Reached * piety under Jiyva
  1720 | D:3      | Noticed Jessica
  1726 | D:3      | Killed Jessica
  1749 | D:3      | Found a shadowy altar of Dithmenos.
  1785 | D:3      | Reached skill level 3 in Fighting
  1907 | D:3      | Reached ** piety under Jiyva
  1974 | D:3      | Found a hide-covered altar of Uskayaw.
  2567 | D:4      | Found a staircase to the Ecumenical Temple.
  2588 | D:4      | Reached *** piety under Jiyva
  2669 | D:3      | Reached XP level 5. HP: 23/45 MP: 5/5
  2742 | D:4      | Gained mutation: Your muscles are strong. (Str +4, Int/Dex
                  | -1) [Jiyva's grace]
  2742 | D:4      | Gained mutation: Your muscles are very strong. (Str +8,
                  | Int/Dex -2) [Jiyva's grace]
  2742 | D:4      | Gained mutation: You are agile. (Dex +4, Str/Int -1)
                  | [Jiyva's grace]
  2742 | D:4      | Gained mutation: You are very agile. (Dex +8, Str/Int -2)
                  | [Jiyva's grace]
  3008 | D:4      | Found a burning altar of Makhleb.
  3077 | D:4      | Found Inanonk's Jewellery Emporium.
  3134 | D:4      | Reached XP level 6. HP: 50/52 MP: 6/6
  3529 | D:5      | Entered Level 5 of the Dungeon
  3602 | D:5      | Reached skill level 4 in Fighting
  3714 | D:5      | Reached skill level 5 in Unarmed Combat
  3815 | D:5      | Reached **** piety under Jiyva
  3834 | D:5      | Found an ancient bone altar of Kikubaaqudgha.
  3871 | D:5      | Identified the +0 scale mail "Medaedeurunt" {Str+3 Int+4}
  4054 | D:5      | Your scales start taking on a pale cyan-grey colour.
  4054 | D:5      | Reached XP level 7. HP: 60/60 MP: 7/7
  4054 | D:5      | Gained mutation: You are immune to the effects of steam.
                  | [Pale Draconian growth]
  4454 | D:5      | Reached skill level 5 in Fighting
  4861 | D:6      | Reached XP level 8. HP: 70/70 MP: 8/8
  4866 | D:6      | Lost mutation: Your muscles are very strong. (Str +8,
                  | Int/Dex -2) [Jiyva's grace]
  4866 | D:6      | Lost mutation: Your muscles are strong. (Str +4, Int/Dex
                  | -1) [Jiyva's grace]
  4866 | D:6      | Gained mutation: You have acidic saliva. [Jiyva's grace]
  4866 | D:6      | Gained mutation: You have a small jelly attached to you
                  | that senses nearby items. [Jiyva's grace]
  4866 | D:6      | Gained mutation: Your melee attacks may engulf your foes in
                  | ooze. [Jiyva's grace]
  4866 | D:6      | Gained mutation: Your translucent skin slightly reduces
                  | your foes' accuracy. (Stealth+) [Jiyva's grace]
  4996 | D:6      | Reached ***** piety under Jiyva
  5086 | D:7      | Reached skill level 6 in Fighting
  5105 | D:7      | Found a white marble altar of Elyvilon.
  5567 | D:7      | Reached skill level 1 in Evocations
  5569 | D:7      | Reached skill level 7 in Fighting
  5569 | D:7      | Reached skill level 5 in Shapeshifting
  5573 | D:7      | Reached XP level 9. HP: 73/79 MP: 9/9
  5890 | D:8      | Found a sparkling altar of Nemelex Xobeh.
  6088 | D:8      | Reached skill level 8 in Fighting
  6172 | D:8      | Reached skill level 5 in Dodging
  6240 | D:8      | Noticed a troll
  6246 | D:8      | Killed a troll
  6291 | D:8      | Reached XP level 10. HP: 90/90 MP: 10/10
  6577 | D:9      | Noticed Grum
  6591 | D:9      | Reached skill level 9 in Fighting
  6594 | D:9      | Killed Grum
  6665 | D:9      | Found a staircase to the Orcish Mines.
  6888 | D:9      | Identified the orb of a ziggurat {guile, Dex+3 Necro}
  6962 | D:9      | Found the +5 scythe "Finisher" {speed, execute}
  6995 | D:9      | Lost mutation: Your translucent skin slightly reduces your
                  | foes' accuracy. (Stealth+) [Jiyva's grace]
  6995 | D:9      | Gained mutation: You have hidden genetic potential.
                  | [Jiyva's grace]
  6995 | D:9      | Gained mutation: You have great hidden genetic potential.
                  | [Jiyva's grace]
  6995 | D:9      | Gained mutation: You passively dampen the noise of your
                  | surroundings. [Jiyva's grace]
  6995 | D:9      | Gained mutation: Armour fits poorly on your pseudopods.
                  | [Jiyva's grace]
  7192 | D:9      | Noticed a skeletal warrior
  7279 | D:10     | Entered Level 10 of the Dungeon
  7279 | D:10     | Reached ****** piety under Jiyva
  7422 | D:10     | Reached skill level 5 in Evocations
  7470 | D:10     | Noticed Erica
  7487 | D:10     | Killed Erica
  7597 | D:10     | Reached skill level 10 in Fighting
  7982 | D:11     | Found a staircase to the Lair.
  7991 | D:11     | Noticed a two-headed ogre
  8002 | D:11     | Reached XP level 11. HP: 100/100 MP: 8/11
  8004 | D:11     | Killed a two-headed ogre
  8005 | D:11     | Reached skill level 10 in Unarmed Combat
  8223 | D:11     | Found Ejoboet's General Store.
  8366 | D:11     | Found a basalt altar of Yredelemnul.
  8376 | D:11     | Gained mutation: Your tail ends in a venomous barb. [hidden
                  | potential]
  8522 | D:11     | Lost mutation: You have great hidden genetic potential.
                  | [Jiyva's grace]
  8522 | D:11     | Lost mutation: You passively dampen the noise of your
                  | surroundings. [Jiyva's grace]
  8522 | D:11     | Gained mutation: Your flesh is heat resistant. (rF+)
                  | [Jiyva's grace]
  8522 | D:11     | Gained mutation: Your flesh is very heat resistant. (rF++)
                  | [Jiyva's grace]
  8522 | D:11     | Gained mutation: Your flesh is almost immune to the effects
                  | of heat. (rF+++) [Jiyva's grace]
  8522 | D:11     | Gained mutation: You have sharp toenails. [Jiyva's grace]
  8769 | D:12     | Noticed an orc knight
  8796 | Lair:1   | Entered Level 1 of the Lair of Beasts
  8796 | Lair:1   | Noticed Jeremiah
  8811 | Lair:1   | Killed Jeremiah
  8982 | Lair:1   | Found a runed translucent door.
  9012 | Lair:1   | Reached skill level 11 in Fighting
  9675 | Lair:2   | Noticed a lindwurm
  9690 | Lair:2   | Killed a lindwurm
  9710 | Lair:2   | You fall into a shaft and drop 2 floors!
 10012 | Lair:4   | Reached XP level 12. HP: 111/111 MP: 12/12
 10088 | Lair:4   | Noticed a four-headed hydra
 10095 | Lair:4   | Killed a four-headed hydra
 10258 | Lair:4   | Lost mutation: You are very agile. (Dex +8, Str/Int -2)
                  | [Jiyva's grace]
 10258 | Lair:4   | Lost mutation: Your flesh is almost immune to the effects
                  | of heat. (rF+++) [Jiyva's grace]
 10258 | Lair:4   | Lost mutation: Your flesh is very heat resistant. (rF++)
                  | [Jiyva's grace]
 10258 | Lair:4   | Lost mutation: You have a small jelly attached to you that
                  | senses nearby items. [Jiyva's grace]
 10258 | Lair:4   | Lost mutation: Your melee attacks may engulf your foes in
                  | ooze. [Jiyva's grace]
 10258 | Lair:4   | Gained mutation: Your translucent skin slightly reduces
                  | your foes' accuracy. (Stealth+) [Jiyva's grace]
 10258 | Lair:4   | Gained mutation: Your translucent skin reduces your foes'
                  | accuracy. (Stealth+) [Jiyva's grace]
 10258 | Lair:4   | Gained mutation: Your transparent skin significantly
                  | reduces your foes' accuracy. (Stealth+) [Jiyva's grace]
 10258 | Lair:4   | Gained mutation: You expend magic power (3 MP) to
                  | strengthen your wands. [Jiyva's grace]
 10330 | Lair:4   | Reached skill level 12 in Fighting
 10341 | Lair:4   | Gained mutation: Your muscles are strong. (Str +4, Int/Dex
                  | -1) [hidden potential]
 10341 | Lair:4   | Lost mutation: You have hidden genetic potential. [hidden
                  | potential expressed]
 10425 | Lair:4   | Found a viscous altar of Jiyva.
 10426 | Lair:4   | Found a staircase to the Slime Pits.
 10431 | Slime:1  | Entered Level 1 of the Pits of Slime
 10453 | Slime:4  | Noticed an acid blob
 10458 | Slime:5  | Entered Level 5 of the Pits of Slime
 10458 | Slime:5  | Noticed an acid blob
 10458 | Slime:5  | Noticed a rockslime
 10459 | Slime:5  | Noticed a rockslime
 10481 | Slime:5  | Found a viscous altar of Jiyva.
 10481 | Slime:5  | Noticed an azure jelly
 10482 | Slime:5  | Noticed an acid blob
 10482 | Slime:5  | Noticed an acid blob
 10488 | Slime:5  | Identified the +10 spear of Coghass {spect, rF+ Dex+4}
 10490 | Slime:5  | Got a slimy rune of Zot
 10492 | Slime:5  | Got a starry gem with 541 turns to spare
 10496 | Slime:5  | Noticed an acid blob
 10496 | Slime:5  | Noticed an acid blob
 10497 | Slime:5  | Noticed a quicksilver ooze
 10497 | Slime:5  | Noticed an acid blob
 10498 | Slime:5  | Noticed an acid blob
 10502 | Slime:5  | Noticed an acid blob
 10502 | Slime:5  | Noticed the Royal Jelly
 10503 | Slime:5  | Noticed an azure jelly
 10511 | Slime:5  | Noticed an acid blob
 10512 | Slime:5  | Noticed an azure jelly
 10512 | Slime:5  | Noticed a great orb of eyes
 10518 | Slime:5  | Identified the +9 mace of Saltpetre {vamp, rC+}
 10522 | Slime:5  | Got the Discourse on Corpses
 10542 | Slime:5  | Got the Secrets of Fuming Attendants
 10544 | Slime:5  | Identified the amulet "Etaicame" {+Blink Regen+ Stlth+}
 10547 | Slime:5  | Identified the ring of Dexypi {Ice Stlth+}
 10570 | Slime:5  | Noticed a quicksilver ooze
 10850 | Lair:3   | Noticed a four-headed hydra
 10856 | Lair:3   | Killed a four-headed hydra
 10977 | Lair:3   | Found a staircase to the Swamp.
 11813 | Lair:5   | Entered Level 5 of the Lair of Beasts
 11813 | Lair:5   | Noticed a catoblepas
 11991 | Lair:2   | Found a staircase to the Snake Pit.
 12017 | Lair:2   | Reached skill level 13 in Fighting
 12085 | Lair:2   | Lost mutation: You have sharp toenails. [Jiyva's grace]
 12085 | Lair:2   | Lost mutation: Armour fits poorly on your pseudopods.
                  | [Jiyva's grace]
 12085 | Lair:2   | Lost mutation: Your transparent skin significantly reduces
                  | your foes' accuracy. (Stealth+) [Jiyva's grace]
 12085 | Lair:2   | Lost mutation: Your translucent skin reduces your foes'
                  | accuracy. (Stealth+) [Jiyva's grace]
 12085 | Lair:2   | Gained mutation: Your large and strong wings let you fly.
                  | [Jiyva's grace]
 12085 | Lair:2   | Gained mutation: You have a small jelly attached to you
                  | that senses nearby items. [Jiyva's grace]
 12085 | Lair:2   | Gained mutation: Your body has grown eyes which may confuse
                  | attackers. (Acc +3) [Jiyva's grace]
 12085 | Lair:2   | Gained mutation: Your body has grown many eyes which may
                  | confuse attackers. (Acc +5) [Jiyva's grace]
 12616 | Orc:1    | Entered Level 1 of the Orcish Mines
 12617 | Orc:1    | Found Uhohaif's Weapon Shoppe.
 12730 | Orc:1    | You are sucked into a shaft and drop 1 floor!
 12730 | Orc:2    | Entered Level 2 of the Orcish Mines
 12970 | Orc:2    | Found a staircase to the Elven Halls.
 13030 | Orc:2    | Found a dark tunnel.
 13036 | Volcano  | Entered a volcano
 13097 | Volcano  | Reached XP level 13. HP: 118/119 MP: 13/13
 13446 | Orc:2    | Found Aduonaw's General Store.
 13637 | Orc:2    | Found Dyhumi's Armour Shop.
 13747 | Orc:2    | Reached skill level 10 in Shapeshifting
 13787 | Orc:2    | Noticed an orc warlord
 13838 | Orc:2    | Found a shimmering altar of Xom.
 14151 | Orc:2    | Found Fyseg's Antique Weapon Shop.
 14155 | Orc:2    | Slimified an orc warlord
 14155 | Orc:2    | an orc warlord changed into an azure jelly
 14155 | Orc:2    | Noticed an azure jelly
 14158 | Orc:2    | Found Wosilira's Antique Armour Boutique.
 14357 | Orc:1    | Lost mutation: You have acidic saliva. [Jiyva's grace]
 14357 | Orc:1    | Lost mutation: Your translucent skin slightly reduces your
                  | foes' accuracy. (Stealth+) [Jiyva's grace]
 14357 | Orc:1    | Lost mutation: You have a small jelly attached to you that
                  | senses nearby items. [Jiyva's grace]
 14357 | Orc:1    | Gained mutation: You have a pair of small horns on your
                  | head. [Jiyva's grace]
 14357 | Orc:1    | Gained mutation: You have a pair of horns on your head.
                  | [Jiyva's grace]
 14357 | Orc:1    | Gained mutation: You have a pair of large horns on your
                  | head. [Jiyva's grace]
 14357 | Orc:1    | Gained mutation: Your muscles are very strong. (Str +8,
                  | Int/Dex -2) [Jiyva's grace]
 14434 | Orc:1    | an orc sorcerer changed into an acid blob
 14434 | Orc:1    | Noticed an acid blob
 14644 | Orc:1    | Paralysed by an ogre mage for 2 turns
 14801 | D:9      | Noticed Prince Ribbit
 14808 | D:9      | Killed Prince Ribbit
 15606 | D:12     | Noticed Josephine
 15619 | D:12     | Killed Josephine
 15966 | D:13     | Reached XP level 14. HP: 129/129 MP: 14/14
 16309 | D:13     | Noticed Kirke
 16331 | D:13     | Killed Kirke
 16538 | D:13     | You are sucked into a shaft and drop 2 floors!
 16538 | D:15     | Entered Level 15 of the Dungeon
 16542 | D:15     | Lost mutation: You have a pair of large horns on your head.
                  | [Jiyva's grace]
 16542 | D:15     | Lost mutation: Your muscles are very strong. (Str +8,
                  | Int/Dex -2) [Jiyva's grace]
 16542 | D:15     | Gained mutation: You passively dampen the noise of your
                  | surroundings. [Jiyva's grace]
 16542 | D:15     | Gained mutation: Your translucent skin slightly reduces
                  | your foes' accuracy. (Stealth+) [Jiyva's grace]
 16542 | D:15     | Gained mutation: Your translucent skin reduces your foes'
                  | accuracy. (Stealth+) [Jiyva's grace]
 16542 | D:15     | Gained mutation: Your transparent skin significantly
                  | reduces your foes' accuracy. (Stealth+) [Jiyva's grace]
 17505 | D:14     | Found a gate to the Vaults.
 17709 | D:13     | Noticed Erolcha
 17721 | D:13     | Killed Erolcha
 17722 | D:13     | Reached skill level 15 in Shapeshifting
 18362 | D:15     | Noticed an emperor scorpion
 18368 | D:15     | Slimified an emperor scorpion
 18368 | D:15     | an emperor scorpion changed into a slime creature
 18369 | D:15     | Found a staircase to the Depths.
 18448 | D:15     | Lost mutation: Your large and strong wings let you fly.
                  | [Jiyva's grace]
 18448 | D:15     | Lost mutation: Your flesh is heat resistant. (rF+) [Jiyva's
                  | grace]
 18448 | D:15     | Lost mutation: Your body has grown many eyes which may
                  | confuse attackers. (Acc +5) [Jiyva's grace]
 18448 | D:15     | Gained mutation: You are covered in slimy tendrils that may
                  | disarm your opponents. [Jiyva's grace]
 18448 | D:15     | Gained mutation: You are very agile. (Dex +8, Str/Int -2)
                  | [Jiyva's grace]
 18448 | D:15     | Gained mutation: Armour fits poorly on your pseudopods.
                  | [Jiyva's grace]
 18448 | D:15     | Gained mutation: Armour fits poorly on your large
                  | pseudopods. [Jiyva's grace]
 18724 | Snake:1  | Entered Level 1 of the Snake Pit
 18854 | Snake:1  | Found Linutyos's Antique Weapon Shoppe.
 18859 | Snake:1  | Found Esushreu's General Store.
 19147 | Snake:1  | Found a transporter.
 19152 | Snake:1  | Found a transporter.
 19153 | Snake:1  | Found a bloodstained altar of Trog.
 19166 | Snake:1  | Noticed Musi's ghost (adept DsAl)
 19673 | Snake:2  | Reached XP level 15. HP: 136/136 MP: 15/15
 20224 | Snake:2  | Noticed Frances
 20233 | Snake:2  | Killed Frances
 20925 | Snake:3  | Lost mutation: Your muscles are strong. (Str +4, Int/Dex
                  | -1) [Jiyva's grace]
 20925 | Snake:3  | Lost mutation: Armour fits poorly on your large pseudopods.
                  | [Jiyva's grace]
 20925 | Snake:3  | Lost mutation: You passively dampen the noise of your
                  | surroundings. [Jiyva's grace]
 20925 | Snake:3  | Gained mutation: A frigid envelope surrounds you and
                  | freezes all who hurt you. [Jiyva's grace]
 20925 | Snake:3  | Gained mutation: Your flesh is cold resistant. (rC+)
                  | [Jiyva's grace]
 20925 | Snake:3  | Gained mutation: Your flesh is very cold resistant. (rC++)
                  | [Jiyva's grace]
 20925 | Snake:3  | Gained mutation: Your flesh is almost immune to the effects
                  | of cold. (rC+++) [Jiyva's grace]
 21224 | Snake:3  | Reached skill level 14 in Fighting
 21546 | Snake:3  | Noticed a nagaraja
 21550 | Snake:3  | Killed a nagaraja
 21707 | Snake:3  | Reached XP level 16. HP: 147/147 MP: 16/16
 21784 | Snake:3  | Upgraded the game from 0.32-a0-22-g6ae6769602 to
                  | 0.32-a0-30-gefbe487952
 21797 | Snake:4  | Entered Level 4 of the Snake Pit
 21861 | Snake:4  | Reached skill level 10 in Evocations
 21869 | Snake:4  | Identified the serpent talisman of Exclusion {Will+ Str-5
                  | Int+4}
 21869 | Snake:4  | Noticed Aizul
 22334 | Snake:4  | Identified the +5 chain mail of the Hippo {rC+ Will- Int+3}
 22496 | Snake:4  | Reached skill level 15 in Fighting
 23005 | Snake:4  | Noticed Vashnia
 23144 | Snake:4  | Killed Aizul
 23460 | Snake:4  | Reached skill level 10 in Dodging
 23521 | Snake:4  | Noticed a quicksilver dragon
 23533 | Snake:4  | Killed a quicksilver dragon
 23566 | Snake:4  | Reached skill level 15 in Unarmed Combat
 23638 | Snake:4  | Got a serpentine rune of Zot
 23756 | Snake:4  | Killed Vashnia
 23988 | Swamp:1  | Entered Level 1 of the Swamp
 24123 | Swamp:1  | Reached XP level 17. HP: 158/158 MP: 15/17
 24123 | Swamp:1  | Noticed Nikola
 24129 | Swamp:1  | Killed Nikola
 24130 | Swamp:1  | Reached skill level 16 in Fighting
 24232 | Swamp:1  | Lost mutation: You are very agile. (Dex +8, Str/Int -2)
                  | [Jiyva's grace]
 24232 | Swamp:1  | Lost mutation: A frigid envelope surrounds you and freezes
                  | all who hurt you. [Jiyva's grace]
 24232 | Swamp:1  | Lost mutation: Armour fits poorly on your pseudopods.
                  | [Jiyva's grace]
 24232 | Swamp:1  | Lost mutation: You are covered in slimy tendrils that may
                  | disarm your opponents. [Jiyva's grace]
 24232 | Swamp:1  | Gained mutation: You have acidic saliva. [Jiyva's grace]
 24232 | Swamp:1  | Gained mutation: You are very agile. (Dex +8, Str/Int -2)
                  | [Jiyva's grace]
 24232 | Swamp:1  | Gained mutation: Your large and strong wings let you fly.
                  | [Jiyva's grace]
 24232 | Swamp:1  | Gained mutation: You have large cloven feet. [Jiyva's
                  | grace]
 24427 | Swamp:1  | Identified the granite talisman "Jaclux" {Will+ Int+2}
 24847 | Swamp:2  | Found an iron altar of Okawaru.
 24892 | Swamp:2  | Noticed Louise
 24910 | Swamp:2  | Killed Louise
 25362 | Swamp:3  | Noticed Mlioglotl
 25371 | Swamp:3  | Paralysed by accursed screaming for 1 turns
 25533 | Swamp:3  | Killed Mlioglotl
 25692 | Swamp:3  | Noticed Mara
 25709 | Swamp:3  | Noticed runemasterragnar's illusion
 25903 | Swamp:3  | Noticed runemasterragnar's illusion
 26011 | Swamp:4  | Entered Level 4 of the Swamp
 26115 | Swamp:3  | Noticed runemasterragnar's illusion
 26432 | Swamp:3  | Killed Mara
 26729 | Swamp:4  | Lost mutation: You have large cloven feet. [Jiyva's grace]
 26729 | Swamp:4  | Lost mutation: You have a pair of horns on your head.
                  | [Jiyva's grace]
 26729 | Swamp:4  | Lost mutation: Your tail ends in a venomous barb. [Jiyva's
                  | grace]
 26729 | Swamp:4  | Lost mutation: You are very agile. (Dex +8, Str/Int -2)
                  | [Jiyva's grace]
 26729 | Swamp:4  | Lost mutation: Your transparent skin significantly reduces
                  | your foes' accuracy. (Stealth+) [Jiyva's grace]
 26729 | Swamp:4  | Gained mutation: Your body has grown many eyes which may
                  | confuse attackers. (Acc +5) [Jiyva's grace]
 26729 | Swamp:4  | Gained mutation: Your body is covered in eyes which may
                  | confuse attackers. (Acc +7, SInv) [Jiyva's grace]
 26729 | Swamp:4  | Gained mutation: Your muscles are strong. (Str +4, Int/Dex
                  | -1) [Jiyva's grace]
 26729 | Swamp:4  | Gained mutation: Your muscles are very strong. (Str +8,
                  | Int/Dex -2) [Jiyva's grace]
 27192 | Swamp:4  | Noticed a tentacled monstrosity
 27199 | Swamp:4  | Killed a tentacled monstrosity
 27376 | Swamp:4  | Reached skill level 17 in Fighting
 27524 | Swamp:4  | Got a decaying rune of Zot
 28004 | Depths:1 | Entered Level 1 of the Depths
 28005 | Depths:1 | Noticed a lich
 28011 | Depths:1 | Noticed a sphinx
 28042 | Depths:1 | Paralysed by a sphinx for 5 turns
 28054 | D:15     | Killed a lich
 28085 | D:14     | Reached XP level 18. HP: 107/170 MP: 18/18
 28290 | Vaults:1 | Entered Level 1 of the Vaults
 28936 | Vaults:1 | Lost mutation: You have acidic saliva. [Jiyva's grace]
 28936 | Vaults:1 | Lost mutation: Your translucent skin reduces your foes'
                  | accuracy. (Stealth+) [Jiyva's grace]
 28936 | Vaults:1 | Gained mutation: You are resistant to electric shocks.
                  | (rElec) [Jiyva's grace]
 28936 | Vaults:1 | Gained mutation: Your rubbery body absorbs attacks. (AC +1,
                  | EV +1) [Jiyva's grace]
 28936 | Vaults:1 | Gained mutation: Your pliable body absorbs attacks. (AC +2,
                  | EV +2) [Jiyva's grace]
 28936 | Vaults:1 | Gained mutation: Your gelatinous body deflects attacks. (AC
                  | +3, EV +3) [Jiyva's grace]
 29482 | Vaults:2 | Reached skill level 18 in Fighting
 29620 | Vaults:2 | Found a staircase to the Crypt.
 30161 | Vaults:2 | Found Xitoraraih's Magic Scroll Shop.
 30164 | Vaults:2 | Bought a scroll of identify for 22 gold pieces
 30164 | Vaults:2 | Bought a scroll of identify for 22 gold pieces
 30176 | Vaults:2 | Bought a scroll of blinking for 82 gold pieces
 30176 | Vaults:2 | Bought a scroll of teleportation for 33 gold pieces
 30442 | Vaults:3 | Identified the orb of the Skiapode {*channel, Will++ rCorr
                  | Int-4}
 30442 | Vaults:3 | Noticed Frederick
 30452 | Vaults:3 | Killed Frederick
 30725 | Vaults:3 | Reached XP level 19. HP: 139/180 MP: 19/19
 31131 | Vaults:3 | Lost mutation: You are agile. (Dex +4, Str/Int -1) [Jiyva's
                  | grace]
 31131 | Vaults:3 | Lost mutation: Your flesh is almost immune to the effects
                  | of cold. (rC+++) [Jiyva's grace]
 31131 | Vaults:3 | Lost mutation: Your body is covered in eyes which may
                  | confuse attackers. (Acc +7, SInv) [Jiyva's grace]
 31131 | Vaults:3 | Gained mutation: You have sharp toenails. [Jiyva's grace]
 31131 | Vaults:3 | Gained mutation: You have razor-sharp toenails. [Jiyva's
                  | grace]
 31131 | Vaults:3 | Gained mutation: You have claws for feet. [Jiyva's grace]
 31131 | Vaults:3 | Gained mutation: Your body is covered in eyes which may
                  | confuse attackers. (Acc +7, SInv) [Jiyva's grace]
 31564 | Vaults:4 | Noticed Jory
 31572 | Vaults:4 | Killed Jory
 31621 | Vaults:4 | Found Weschum's General Store.
 31638 | Vaults:4 | Bought a phantom mirror for 560 gold pieces
 31638 | Vaults:4 | Bought an amulet of reflection for 420 gold pieces
 31748 | Vaults:4 | Reached skill level 19 in Fighting
 32076 | Vaults:4 | Found Opire's Armour Emporium.
 32391 | Crypt:1  | Entered Level 1 of the Crypt
 32791 | Crypt:1  | Lost mutation: You have a pair of small horns on your head.
                  | [Jiyva's grace]
 32791 | Crypt:1  | Lost mutation: Your flesh is very cold resistant. (rC++)
                  | [Jiyva's grace]
 32791 | Crypt:1  | Lost mutation: Your muscles are very strong. (Str +8,
                  | Int/Dex -2) [Jiyva's grace]
 32791 | Crypt:1  | Lost mutation: Your translucent skin slightly reduces your
                  | foes' accuracy. (Stealth+) [Jiyva's grace]
 32791 | Crypt:1  | Lost mutation: You expend magic power (3 MP) to strengthen
                  | your wands. [Jiyva's grace]
 32791 | Crypt:1  | Gained mutation: Your skin changes colour to match your
                  | surroundings (Stealth+). [Jiyva's grace]
 32791 | Crypt:1  | Gained mutation: Your skin blends seamlessly with your
                  | surroundings (Stealth++). [Jiyva's grace]
 32791 | Crypt:1  | Gained mutation: Your skin perfectly mimics your
                  | surroundings (Stealth+++). [Jiyva's grace]
 32791 | Crypt:1  | Gained mutation: You have acidic saliva. [Jiyva's grace]
 33869 | Crypt:2  | Identified the +4 falchion of Xyguh {spect, rC++ rN+}
 34100 | Crypt:3  | Entered Level 3 of the Crypt
 34208 | Crypt:3  | Reached XP level 20. HP: 193/193 MP: 20/20
 34294 | Crypt:3  | Found a staircase to the Tomb.
 34381 | Crypt:3  | Noticed a curse toe
 34383 | Crypt:3  | Noticed a bone dragon
 34387 | Crypt:3  | Slimified a bone dragon
 34387 | Crypt:3  | a bone dragon changed into an acid blob
 34393 | Crypt:3  | Killed a curse toe
 34448 | Crypt:3  | Identified the +9 hand axe "Vynguizusi" {antimagic, rF+
                  | Dex+4}
 34448 | Crypt:3  | Noticed an ancient lich
 34449 | Crypt:3  | Identified the ring "Uloy" {MP+9 Str+4 Int+3}
 34451 | Crypt:3  | Got the Grimoire of the Igneous Tundra
 34460 | Crypt:3  | Noticed Boris
 34482 | Crypt:3  | Killed an ancient lich
 34495 | Crypt:3  | Reached skill level 20 in Fighting
 34495 | Crypt:3  | Killed Boris
 35051 | Crypt:3  | Noticed a bone dragon
 35100 | Crypt:3  | Killed a bone dragon
 35116 | Crypt:3  | Noticed an ancient lich
 35153 | Crypt:3  | Killed an ancient lich
 35670 | Crypt:3  | Got the Reference Book on Abhorrent Rites
 35675 | Crypt:3  | Identified the +8 dagger "Eckoipyaj" {distort, rF+ rN+
                  | Int+5}
 36086 | Crypt:3  | Identified the +7 morningstar of the Oracle {freeze, Int+6}
 36160 | Crypt:3  | Found a runed translucent door.
 36160 | Crypt:3  | Found a shimmering altar of Xom.
 36220 | Crypt:3  | Noticed Pimiptod's ghost (adept MiFi)
 36635 | Elf:1    | Entered Level 1 of the Elven Halls
 36867 | Elf:1    | Got the Elucidation of Leadership
 36985 | Elf:1    | Lost mutation: Your skin perfectly mimics your surroundings
                  | (Stealth+++). [Jiyva's grace]
 36985 | Elf:1    | Lost mutation: You are resistant to electric shocks.
                  | (rElec) [Jiyva's grace]
 36985 | Elf:1    | Lost mutation: Your body is covered in eyes which may
                  | confuse attackers. (Acc +7, SInv) [Jiyva's grace]
 36985 | Elf:1    | Lost mutation: Your body has grown many eyes which may
                  | confuse attackers. (Acc +5) [Jiyva's grace]
 36985 | Elf:1    | Lost mutation: Your gelatinous body deflects attacks. (AC
                  | +3, EV +3) [Jiyva's grace]
 36985 | Elf:1    | Gained mutation: You passively dampen the noise of your
                  | surroundings. [Jiyva's grace]
 36985 | Elf:1    | Gained mutation: Your mind is acute. (Int +4, Str/Dex -1)
                  | [Jiyva's grace]
 36985 | Elf:1    | Gained mutation: Your mind is very acute. (Int +8, Str/Dex
                  | -2) [Jiyva's grace]
 36985 | Elf:1    | Gained mutation: You have a pair of small antennae on your
                  | head. [Jiyva's grace]
 37731 | Elf:2    | Reached skill level 15 in Evocations
 37909 | Elf:2    | Found a runed translucent gate.
 37909 | Elf:2    | Found a runed translucent gate.
 37909 | Elf:2    | Found a runed translucent gate.
 38224 | Elf:2    | Reached XP level 21. HP: 173/203 MP: 21/21
 38644 | Elf:3    | Entered Level 3 of the Elven Halls
 38646 | Elf:3    | Noticed Saint Roka
 38674 | Elf:3    | Killed Saint Roka
 38675 | Elf:3    | Reached skill level 21 in Fighting
 38722 | Elf:3    | Found an ancient bone altar of Kikubaaqudgha.
 38925 | Elf:3    | Noticed Zenata
 38932 | Elf:3    | Killed Zenata
 38934 | Elf:3    | Noticed Bai Suzhen
 38964 | Elf:3    | Killed Bai Suzhen
 39004 | Elf:3    | Lost mutation: You have a pair of small antennae on your
                  | head. [Jiyva's grace]
 39004 | Elf:3    | Lost mutation: You have claws for feet. [Jiyva's grace]
 39004 | Elf:3    | Lost mutation: Your mind is very acute. (Int +8, Str/Dex
                  | -2) [Jiyva's grace]
 39004 | Elf:3    | Lost mutation: Your muscles are strong. (Str +4, Int/Dex
                  | -1) [Jiyva's grace]
 39004 | Elf:3    | Lost mutation: Your body has grown eyes which may confuse
                  | attackers. (Acc +3) [Jiyva's grace]
 39004 | Elf:3    | Lost mutation: You passively dampen the noise of your
                  | surroundings. [Jiyva's grace]
 39004 | Elf:3    | Gained mutation: You expend magic power (3 MP) to
                  | strengthen your wands. [Jiyva's grace]
 39004 | Elf:3    | Gained mutation: You have a small jelly attached to you
                  | that may absorb projectiles. [Jiyva's grace]
 39004 | Elf:3    | Gained mutation: You are agile. (Dex +4, Str/Int -1)
                  | [Jiyva's grace]
 39004 | Elf:3    | Gained mutation: You are very agile. (Dex +8, Str/Int -2)
                  | [Jiyva's grace]
 39046 | Elf:3    | Found Xyhog's Armour Boutique.
 39049 | Elf:3    | Found a radiant altar of Vehumet.
 39223 | Elf:3    | Noticed Norris
 39236 | Elf:3    | Killed Norris
 39243 | Elf:3    | Identified the +8 chain mail of Lammip {rC+}
 39264 | Elf:3    | Identified the ring of Soxias {rCorr Int+3 Dex+3 SInv}
 39494 | Elf:3    | Identified the +1 scale mail of the Jabberwock {rN+ Dex+4}
 39525 | Elf:3    | Identified the +5 ring mail of Immorality {Str+6 Slay-6}
 39757 | Elf:3    | Identified the +0 pair of boots "Tircha" {rC+ Will+ Int+3}
 39772 | Elf:3    | Identified the +1 pair of boots "Sujom Faetz" {+Blink rPois
                  | rF-}
 39776 | Elf:3    | Identified the +1 demon whip "Pepo" {freeze, Will+ Str+4}
 39920 | Elf:3    | Got Ciyreh's Almanac of the Assembled Sphinx
 39959 | Elf:3    | Identified the +0 pair of boots of the Trombone {rCorr
                  | Int-3 Slay+4}
 40454 | Lair:1   | Learned a level 9 spell: Fire Storm
 40609 | Depths:1 | Found a transporter.
 40624 | Depths:1 | Found a shimmering blue altar of Sif Muna.
 40931 | Depths:1 | Found a glowing golden altar of the Shining One.
 40973 | Depths:1 | Found a transporter.
 41026 | Depths:1 | You are sucked into a shaft and drop 1 floor!
 41043 | Depths:2 | Found a sparkling altar of Nemelex Xobeh.
 41094 | Depths:2 | Noticed a golden dragon
 41104 | Depths:2 | Killed a golden dragon
 41145 | Depths:2 | Reached XP level 22. HP: 130/214 MP: 22/22
 41263 | Depths:2 | Found a one-way gate leading to the halls of Pandemonium.
 41526 | Depths:2 | Identified the +3 dagger of Yxtizaes {drain, rPois Will+
                  | Int+3}
 41528 | Depths:2 | Got the Lessons on Dislocated Cadavers
 41530 | Depths:2 | Found a shimmering blue altar of Sif Muna.
 41531 | Depths:2 | Found a hazy altar of Hepliaklqana.
 41636 | Depths:2 | Found a one-way gateway to a ziggurat.
 42009 | Depths:2 | Found a gateway to Hell.
 42393 | Depths:1 | Reached skill level 22 in Fighting
 42512 | Depths:1 | Found a portal to a secret trove of treasure.
 42778 | Depths:2 | Found a burning altar of Makhleb.
 42916 | Depths:3 | Lost mutation: You have razor-sharp toenails. [Jiyva's
                  | grace]
 42916 | Depths:3 | Lost mutation: Your skin blends seamlessly with your
                  | surroundings (Stealth++). [Jiyva's grace]
 42916 | Depths:3 | Lost mutation: You are very agile. (Dex +8, Str/Int -2)
                  | [Jiyva's grace]
 42916 | Depths:3 | Lost mutation: Your mind is acute. (Int +4, Str/Dex -1)
                  | [Jiyva's grace]
 42916 | Depths:3 | Gained mutation: You have a pair of small horns on your
                  | head. [Jiyva's grace]
 42916 | Depths:3 | Gained mutation: You have a pair of horns on your head.
                  | [Jiyva's grace]
 42916 | Depths:3 | Gained mutation: You have a pair of large horns on your
                  | head. [Jiyva's grace]
 42916 | Depths:3 | Gained mutation: Your gelatinous body deflects attacks. (AC
                  | +3, EV +3) [Jiyva's grace]
 43169 | Depths:3 | Noticed a golden dragon
 43175 | Depths:3 | Killed a golden dragon
 43239 | Depths:3 | Reached skill level 1 in Shields
 43298 | Depths:3 | Noticed a golden dragon
 43303 | Depths:3 | Killed a golden dragon
 43364 | Depths:3 | Found a one-way gate to the infinite horrors of the Abyss.
 43365 | Depths:3 | Found a hazy altar of Hepliaklqana.
 43592 | Depths:4 | Entered Level 4 of the Depths
 43697 | Depths:4 | Noticed Xtahua
 43741 | Depths:4 | Killed Xtahua
 43877 | Depths:4 | Noticed a caustic shrike
 43877 | Depths:4 | Noticed a caustic shrike
 43877 | Depths:4 | Noticed a caustic shrike
 43877 | Depths:4 | Noticed a caustic shrike
 43883 | Depths:4 | Noticed a caustic shrike
 43889 | Depths:4 | Killed a caustic shrike
 43890 | Depths:4 | Reached skill level 5 in Shields
 43890 | Depths:4 | Killed a caustic shrike
 43891 | Depths:4 | Killed a caustic shrike
 43893 | Depths:4 | Killed a caustic shrike
 43894 | Depths:4 | Reached XP level 23. HP: 201/224 MP: 23/23
 43896 | Depths:4 | Killed a caustic shrike
 44472 | Depths:4 | Found a gate to the Realm of Zot.
 44583 | Hell     | Entered the Vestibule of Hell
 44583 | Hell     | Noticed Geryon
 44926 | Hell     | Killed Geryon
 45166 | Depths:1 | You paid a toll of the horn of Geryon to enter a treasure
                  | trove
 45167 | Trove    | Entered a treasure trove
 45178 | Trove    | Got Sif Muna's Precepts of Burning Glamour
 45229 | Trove    | Got Sif Muna's Parchment of Galvanic Damage
 45238 | Trove    | Got Sif Muna's Precepts of the Evil Fault
 45503 | D:11     | Bought a scroll of teleportation for 42 gold pieces
 45503 | D:11     | Bought a potion of might for 56 gold pieces
 45614 | Snake:1  | Bought a potion of haste for 130 gold pieces
 45614 | Snake:1  | Bought a potion of haste for 130 gold pieces
 45614 | Snake:1  | Bought a scroll of teleportation for 39 gold pieces
 45932 | Depths:1 | Lost mutation: Your flesh is cold resistant. (rC+)
                  | [mutagenic glow]
 45943 | Depths:1 | Gained mutation: You occasionally lose the ability to drink
                  | potions when taking damage. [mutagenic glow]
 45977 | Depths:1 | Identified the amulet "Aniorghe" {Reflect rPois rF+ rCorr
                  | Str+2 SH+5}
 45997 | Depths:1 | Identified the staff of the Bashing Viper {rElec Will-
                  | rCorr Int+2 Necro Air}
 46000 | Depths:1 | Identified the ring "Xoepparr" {rC+ rN+ Will+ Str+6 Int+2}
 46413 | Vaults:5 | Entered Level 5 of the Vaults
 46415 | Vaults:5 | Noticed a dread lich
 46424 | Vaults:5 | Killed a dread lich
 46430 | Vaults:5 | Reached skill level 23 in Fighting
 46546 | Vaults:5 | Found the +2 hood of the Assassin {Detect Stab+ Stlth++}
 46568 | Vaults:5 | Identified the orb of Cymeget {mayhem, Will+ Dex+2}
 46579 | Vaults:5 | Lost mutation: Your large and strong wings let you fly.
                  | [Jiyva's grace]
 46579 | Vaults:5 | Lost mutation: You occasionally lose the ability to drink
                  | potions when taking damage. [Jiyva's grace]
 46579 | Vaults:5 | Lost mutation: You expend magic power (3 MP) to strengthen
                  | your wands. [Jiyva's grace]
 46579 | Vaults:5 | Gained mutation: You are resistant to electric shocks.
                  | (rElec) [Jiyva's grace]
 46579 | Vaults:5 | Lost mutation: Your skin changes colour to match your
                  | surroundings (Stealth+). [Jiyva's grace]
 46579 | Vaults:5 | Gained mutation: Your translucent skin slightly reduces
                  | your foes' accuracy. (Stealth+) [Jiyva's grace]
 46579 | Vaults:5 | Gained mutation: Your translucent skin reduces your foes'
                  | accuracy. (Stealth+) [Jiyva's grace]
 46579 | Vaults:5 | Gained mutation: Your transparent skin significantly
                  | reduces your foes' accuracy. (Stealth+) [Jiyva's grace]
 46608 | Vaults:5 | Reached skill level 10 in Shields
 46676 | Vaults:5 | Noticed an ancient lich
 46710 | Vaults:5 | Noticed Boris
 46712 | Vaults:5 | Killed Boris
 46724 | Vaults:5 | Reached XP level 24. HP: 235/235 MP: 23/23
 46876 | Vaults:5 | Found Lasuc's Antique Armour Shoppe.
 46904 | Vaults:5 | Identified the amulet of Letweont {Faith rElec Dex+3
                  | Stlth+}
 46984 | Vaults:5 | Killed an ancient lich
 47028 | Vaults:5 | Identified the +4 buckler of Starshine {Will- Str+4 Dex+2}
 47052 | Vaults:5 | Identified the staff of Thoughtfulness {^Drain rPois rCorr
                  | SInv Earth}
 47055 | Vaults:5 | Identified the +0 ring mail of the Game of Life {+Blink
                  | Regen+ Dex-2}
 47220 | Vaults:5 | Got a silver rune of Zot
 47230 | Vaults:5 | Got Dispater's Quarto of Assembling
 47482 | Vaults:5 | Got Ychima's Reference Book on Congregated Interference
 48127 | Lair:1   | Found a runed translucent gate.
 48127 | Lair:1   | Found a runed translucent gate.
 48127 | Lair:1   | Found a runed translucent gate.
 48127 | Lair:1   | Found a runed translucent gate.
 48128 | Lair:1   | Found a runed translucent gate.
 48129 | Lair:1   | Found a runed translucent gate.
 48453 | Zot:1    | Entered Level 1 of the Realm of Zot
 48453 | Zot:1    | Found the +4 dragonskin cloak
 48453 | Zot:1    | Noticed Tiamat
 48794 | Depths:4 | Killed Tiamat
 49330 | Zot:1    | Lost mutation: You have a pair of large horns on your head.
                  | [Jiyva's grace]
 49330 | Zot:1    | Lost mutation: You are agile. (Dex +4, Str/Int -1) [Jiyva's
                  | grace]
 49330 | Zot:1    | Lost mutation: Your gelatinous body deflects attacks. (AC
                  | +3, EV +3) [Jiyva's grace]
 49330 | Zot:1    | Lost mutation: Your transparent skin significantly reduces
                  | your foes' accuracy. (Stealth+) [Jiyva's grace]
 49330 | Zot:1    | Gained mutation: You expend magic power (3 MP) to
                  | strengthen your wands. [Jiyva's grace]
 49330 | Zot:1    | Gained mutation: Your flesh is cold resistant. (rC+)
                  | [Jiyva's grace]
 49330 | Zot:1    | Gained mutation: Your flesh is very cold resistant. (rC++)
                  | [Jiyva's grace]
 49330 | Zot:1    | Gained mutation: Your flesh is almost immune to the effects
                  | of cold. (rC+++) [Jiyva's grace]
 49449 | Zot:1    | Found a runed translucent gate.
 49449 | Zot:1    | Found a runed translucent gate.
 49449 | Zot:1    | Found a runed translucent gate.
 49449 | Zot:1    | Found an ancient bone altar of Kikubaaqudgha.
 49449 | Zot:1    | Noticed a dread lich
 49449 | Zot:1    | Noticed a dread lich
 49449 | Zot:1    | Noticed a dread lich
 49450 | Zot:1    | Noticed an ancient lich
 49450 | Zot:1    | Noticed Unkupp's ghost (veteran OnBe)
 50242 | Zot:2    | Reached skill level 24 in Fighting
 50359 | Zot:2    | Reached XP level 25. HP: 245/245 MP: 23/23
 51232 | Zot:3    | Found a large runed translucent door.
 51232 | Zot:3    | Found a large runed translucent door.
 51233 | Zot:3    | Found a large runed translucent door.
 51233 | Zot:3    | Found a large runed translucent door.
 51233 | Zot:3    | Found a shimmering altar of Xom.
 51233 | Zot:3    | Noticed a Killer Klown
 51289 | Zot:3    | Noticed a Killer Klown
 51290 | Zot:3    | Noticed a Killer Klown
 51296 | Zot:3    | Killed a Killer Klown
 51300 | Zot:3    | Killed a Killer Klown
 51504 | Zot:3    | Identified the +1 morningstar "Corrumna" {flame, Will++}
 51775 | Zot:3    | Identified the +9 dire flail of Distant Shores {chaos,
                  | Int+4}
 51775 | Zot:3    | Identified the +0 hand cannon "Biuseklek" {chaos, rCorr
                  | Int-4 Dex+3}
 51775 | Zot:3    | Identified the +2 robe of Vaoquoq {rElec Int+2 Stlth+}
 51790 | Zot:3    | Killed a Killer Klown
 51793 | Zot:3    | Identified the +2 hand cannon "Likea" {chaos, rCorr}
 51793 | Zot:3    | Identified the +0 dire flail "Leelih" {chaos, rElec rCorr}
 51793 | Zot:3    | Identified the +2 robe "Nyashio" {Rampage rF- Regen+
                  | Stlth-}
 51794 | Zot:3    | Reached skill level 15 in Shields
 51825 | Zot:3    | Found a large runed translucent door.
 51833 | Zot:3    | Found a large runed translucent door.
 51833 | Zot:3    | Found a large runed translucent door.
 51841 | Zot:3    | Found a large runed translucent door.
 51842 | Zot:3    | Noticed a Killer Klown
 51842 | Zot:3    | Noticed a Killer Klown
 51843 | Zot:3    | Identified the +5 great sword of the Final Decision {chaos,
                  | *Corrode rElec Will+ Stlth+}
 51843 | Zot:3    | Identified the +0 scale mail of Trumpets {Dex+3 Slay+4
                  | Stlth+}
 51848 | Zot:3    | Identified the +1 battleaxe of Lorur {chaos, rPois MP-9
                  | Str+2}
 51848 | Zot:3    | Identified the +0 chain mail of Duwew {rPois rC+}
 51881 | Zot:3    | Killed a Killer Klown
 51919 | Zot:3    | Noticed a Killer Klown
 51921 | Zot:3    | Killed a Killer Klown
 51926 | Zot:3    | Noticed a Killer Klown
 51946 | Zot:3    | Killed a Killer Klown
 51949 | Zot:3    | Killed a Killer Klown
 52086 | Zot:3    | Lost mutation: You are resistant to electric shocks.
                  | (rElec) [Jiyva's grace]
 52086 | Zot:3    | Lost mutation: You have acidic saliva. [Jiyva's grace]
 52086 | Zot:3    | Lost mutation: Your pliable body absorbs attacks. (AC +2,
                  | EV +2) [Jiyva's grace]
 52086 | Zot:3    | Lost mutation: Your translucent skin reduces your foes'
                  | accuracy. (Stealth+) [Jiyva's grace]
 52086 | Zot:3    | Lost mutation: You have a small jelly attached to you that
                  | may absorb projectiles. [Jiyva's grace]
 52086 | Zot:3    | Lost mutation: You expend magic power (3 MP) to strengthen
                  | your wands. [Jiyva's grace]
 52086 | Zot:3    | Gained mutation: You have hidden genetic potential.
                  | [Jiyva's grace]
 52086 | Zot:3    | Gained mutation: You have great hidden genetic potential.
                  | [Jiyva's grace]
 52086 | Zot:3    | Lost mutation: You have sharp toenails. [Jiyva's grace]
 52086 | Zot:3    | Gained mutation: You have large cloven feet. [Jiyva's
                  | grace]
 52086 | Zot:3    | Gained mutation: You have hoof-like feet. [Jiyva's grace]
 53041 | Zot:4    | Identified the +5 chain mail of Decompression {Will+ Str-4
                  | Int+5}
 53309 | Zot:5    | Entered Level 5 of the Realm of Zot
 53522 | Zot:5    | Identified the +4 trident of Wyrd {speed, ^Contam rC+
                  | Str+6}
 53572 | Zot:5    | Noticed an orb of fire
 53572 | Zot:5    | Noticed a Killer Klown
 53572 | Zot:5    | Noticed a Killer Klown
 53572 | Zot:5    | Noticed an orb of fire
 53572 | Zot:5    | Noticed an ancient lich
 53572 | Zot:5    | Noticed a dread lich
 53572 | Zot:5    | Gained mutation: You are weak. (Str -2) [an orb of fire]
 53572 | Zot:5    | Noticed an orb of fire
 53573 | Zot:5    | Lost mutation: Your translucent skin slightly reduces your
                  | foes' accuracy. (Stealth+) [an orb of fire]
 53574 | Zot:5    | Noticed an orb of fire
 53575 | Zot:5    | Noticed an orb of fire
 53581 | Zot:5    | Noticed an orb of fire
 53581 | Zot:5    | Noticed an orb of fire
 53581 | Zot:5    | Noticed a Killer Klown
 53581 | Zot:5    | Noticed an orb of fire
 53581 | Zot:5    | Noticed a dread lich
 53581 | Zot:5    | Noticed an orb of fire
 53581 | Zot:5    | Gained mutation: You occasionally lose the ability to drink
                  | potions when taking damage. [an orb of fire]
 53583 | Zot:5    | Got the Orb of Zot
 53584 | Zot:5    | Noticed an orb of fire
 53586 | Zot:5    | Reached skill level 25 in Fighting
 53588 | Zot:5    | Mangled by an Orb Guardian

Illustrated notes

Levels and vault maps discovered:
D:1:      co_arrival_square_in_a_square_in_a_square, layout_basic
D:2:      layout_loops_ring, shapermc_ecumenical_altar_flowoftime, uniq_robin
D:3:      layout_basic, mainiacjoe_overflow_brackets,
          mainiacjoe_overflow_cross_hatched, uniq_jessica
D:4:      layout_layer_cave, kennysheep_little_box,
          minmay_temple_entry_glassed_door, serial_shops, shop
D:5:      layout_loops_corners, kiku_gazebo_garden_becter
D:6:      layout_loops_ring
D:7:      layout_basic, elyvilon_altar_1, grunt_livestock
D:8:      minmay_skewed_foursquare, layout_loops_ring,
          nemelex_spade_bored_becter
D:9:      layout_long_grid, erik_orc_1, minmay_guarded_unrand_finisher,
          uniq_prince_ribbit1, uniq_grum
D:10:     nicolae_whirlpool, layout_long_grid, serial_rivers,
          chequers_serial_rivers_small_3, chequers_serial_rivers_small_3,
          chequers_serial_rivers_micro_c, chequers_serial_rivers_micro_c,
          uniq_erica
D:11:     layout_loops_ring, dpeg_oklobed_lair, serial_shops,
          nicolae_square_shop, lemuel_zombie_altar_yredelemnul
D:12:     layout_roguey, minivault_22, wad_mini_maze, uniq_josephine
D:13:     layout_roguey [special_room_orc], serial_ice, serial_ice_l,
          serial_ice_a, serial_ice_e, serial_ice_h, serial_ice_m, serial_ice_f,
          portal_ice_cave_entry_imps, uniq_erolcha, uniq_kirke
D:14:     layout_loops_ring, grunt_vaults_entry_tiered, serial_bayou_lagoon_a
D:15:     hangedman_depths_entry_try_elsewhere_first, layout_rooms,
          nicolae_the_louvre, minmay_librarian
Lair:1:   gammafunk_indiana_jones, layout_misc_corridors,
          small_statue_intersection, minivault_25, uniq_jeremiah
Lair:2:   layout_regular_city, nicolae_snake_entry_squirm, serial_bayou_shore_a,
          grunt_megastairs_2
Lair:3:   lemuel_slime, layout_cave_pods, swamp_mist_pool,
          infiniplex_staircase_pool, grunt_megastairs_5
Lair:4:   layout_long_grid, dpeg_slime_entry_enclosed
Lair:5:   cheibrodos_lair_end_hotspot, layout_gridlike
Swamp:1:  tekkud_swamp_unearthing_site, layout_basic_swamp,
          evilmike_swamp_ruin_house_5, evilmike_swamp_ruin_house_3,
          st_swamp_ruins_4, uniq_nikola
Swamp:2:  layout_basic_swamp, lemuel_altar_in_water, uniq_louise
Swamp:3:  layout_falls_marsh, hangedman_swamp_blocks, swamp_pool_5,
          nicolae_swamp_drake_lake, uniq_mara, uniq_mlioglotl
Swamp:4:  swamp_fiery, layout_basic_swamp, hangedman_swamp_lotus,
          nicolae_swamp_bloodsuckers_inc
Snake:1:  layout_gridlike, gammafunk_ghost_wrathful_warriors, minmay_shop_star
Snake:2:  layout_concentric_octagons, uniq_frances
Snake:3:  layout_cave_town
Snake:4:  hellmonk_snake_rune_quicksilver_temple, layout_rooms,
          nicolae_snake_salamander_zone, uniq_vashnia, uniq_aizul
Slime:1:  cheibrodos_slime_lost_civilization_10, layout_caves,
          nicolae_slime_barrier
Slime:2:  layout_caves
Slime:3:  layout_caves, nicolae_slime_rock_hall_of_fame
Slime:4:  layout_caves, nicolae_slime_phagocytosis
Slime:5:  slime_pit_nicolae_trefoil
Orc:1:    hellmonk_paralyzer, layout_diamond_mine, serial_shops, shop
Orc:2:    grunt_orc_community_town_hall, layout_caves,
          grunt_orc_community_big_house_2, grunt_orc_community_big_house_2,
          grunt_orc_community_house_3, grunt_orc_community_house_3,
          grunt_orc_community_house_3, grunt_orc_community_house_1,
          grunt_orc_community_house_2, grunt_orc_community_house_3, basic_altar,
          enter_volcano_3, regret_index_xom_of_box
Elf:1:    minmay_elf_arrival_plus, layout_loops_corners, minmay_elf_demonology
Elf:2:    nicolae_elf_blades_splatter_lattice [grunt_blade_entry_basic],
          layout_geoelf_octagon, drop_trap
Elf:3:    minmay_elf_hall_not_hex, layout_loops_cross, serial_shops, shop,
          grunt_ministairs_10, drop_trap, hangedman_feature_mirror,
          uniq_bai_suzhen, uniq_zenata, uniq_saint_roka, uniq_norris
Vaults:1: v_misc_5, nicolae_vaults_little_squares_5, nicolae_vaults_what_the_h,
          nicolae_vaults_border_crossing, nicolae_vaults_rhombus_7,
          nicolae_vaults_little_squares_1, nicolae_vaults_house_3,
          special_room_vaults [special_room_orc],
          nicolae_vaults_little_squares_3, layout_vaults_big_room
Vaults:2: hangedman_vaults_stretched_pinwheel, nicolae_vaults_twisting_passages,
          vaults_room_ringed_pool, nicolae_vaults_storage_closets_1,
          nicolae_vaults_spaceships, minmay_crypt_entry_simple_corners,
          ontoclasm_vaults_ring_small, nicolae_vaults_house_1,
          nicolae_vaults_little_squares_1, vaults_room_door_hall,
          ontoclasm_vaults_eye, v_misc_13, nicolae_vaults_tetromino_T_2,
          v_misc_9, layout_vaults_maze_bifur, serial_shops,
          nicolae_shop_rolled_up
Vaults:3: vaults_dpeg_encased_lava, nicolae_vaults_shipping_containers_4,
          nicolae_vaults_storage_closets_3, minmay_orc_keep, vaults_room_grid,
          vaults_mumra_lcd, hangedman_vaults_slice,
          nicolae_vaults_storage_closets_2, hangedman_vaults_corner,
          v_pattern_1, ontoclasm_vaults_loading_screen,
          grunt_vaults_hallway_short, layout_vaults_big_cross, uniq_frederick
Vaults:4: nicolae_vaults_ring_of_whatevers, ontoclasm_vaults_loading_screen,
          v_misc_5, nicolae_vaults_shrinking_rooms_1,
          nicolae_vaults_taking_the_gang_shopping,
          vaults_standard_mumra_enter_the_diamond, v_misc_26,
          ontoclasm_vaults_bender, nicolae_vaults_bisected_slash,
          nicolae_vaults_offset_grid_hallway_1, nicolae_vaults_trapezoid_4,
          nicolae_vaults_three_branches, layout_vaults_omnibox, serial_shops,
          shop, uniq_jory
Vaults:5: serial_shops
Crypt:1:  layout_chaotic_city
Crypt:2:  layout_gridlike
Crypt:3:  david_glass_crypt, layout_basic, nicolae_tomb_entry_grand_gallery,
          ebering_ghost_xom, weyrava_lich_vault, uniq_boris
Depths:1: gammafunk_its_a_trap, layout_basic, hangedman_tar_grid_catacomb,
          enter_trove_0, nicolae_sif_muna_condensation, tso_oasis_becter,
          serial_bayou_shore_b
Depths:2: minmay_the_grid_octo_tiled_octocenter_mashed
          [minmay_the_grid_octo_clover_2, minmay_the_grid_octo_tetromino_candy,
          minmay_the_grid_octo_shrine, minmay_the_grid_octo_fat_diamond,
          minmay_the_grid_octo_prize_ultimate_mussel_roller,
          minmay_the_grid_square_5x5_forky,
          minmay_the_grid_square_5x5_misaligned,
          minmay_the_grid_square_5x5_empty, minmay_the_grid_square_5x5_minibox],
          layout_cave_shapes, enter_ziggurat_e, rand_demon_pan_entry_5,
          hangedman_coc_ice_floe
Depths:3: minmay_two_paths, layout_gridville, abyss_entry_crystal,
          grunt_hell_entry_dis_grunt, nicolae_hepliaklqana_hazy_memory,
          infiniplex_staircase_pool_1
Depths:4: evilmike_zot_entry_round, layout_gridlike, hell_entry,
          chequers_serial_rivers_micro_b, uniq_grunn, uniq_xtahua
Hell
Zot:1:    layout_cathedral_of_symmetry, gammafunk_ghost_crypt, uniq_tiamat
Zot:2:    layout_concentric_octagons, st_stairs_13
Zot:3:    cheibrodos_zot_enchanting_chambers, layout_basic,
          hangedman_xom_zot_hilarity
Zot:4:    layout_twisted_circle, hangedman_zot_decor_slant, grunt_megastairs_1
Zot:5:    layout_basic, grunt_ministairs_15

Skill      XL: |  1  2  3  4  5  6  7  8  9 10 11 12 13 14 15 16 17 18 19 20 21 22 23 24 25 |
---------------+----------------------------------------------------------------------------+-----
Dodging        | 2 3 4 5 6 7 8 9 10 11 12 13 | 13.7
Fighting       | 2 3 4 5 7 8 10 11 13 14 15 17 18 19 20 21 22 23 24 25 | 25.0
Unarmed Combat | 4 5 6 7 8 9 11 12 13 15 16 17 18 19 20 21 22 23 | 23.4
Shapeshifting  | 4 5 6 7 8 12 16 17 18 19 20 21 22 23 | 23.0
Evocations     | 2 4 5 7 8 9 11 12 13 14 15 16 | 16.9
Shields        | 5 10 13 15 | 15.7

Action                     |  1- 3 |  4- 6 |  7- 9 | 10-12 | 13-15 | 16-18 | 19-21 | 22-24 | 25-27 || total
---------------------------+-------+-------+-------+-------+-------+-------+-------+-------+-------++-------
  Melee: Unarmed           |   128 |   118 |   111 |   453 |   795 |   828 |  1078 |  1088 |   330 ||  4929
         Tailslap          |     7 |    14 |     9 |    85 |   138 |   139 |   221 |   207 |    59 ||   879
         Punch             |     1 |    10 |     5 |    37 |    74 |    86 |    16 |       |       ||   229
         Bite              |       |       |    15 |    59 |    49 |    73 |   125 |   192 |    28 ||   541
         Pseudopods        |       |       |       |    71 |     2 |       |       |       |       ||    73
         Kick              |       |       |       |    95 |       |    16 |   357 |   497 |   134 ||  1099
         Headbutt          |       |       |       |       |   117 |    88 |    70 |   261 |    94 ||   630
  Throw: Throwing net      |       |     1 |       |       |       |       |       |       |       ||     1
 Invoke: Slimify           |       |       |       |     1 |     5 |     1 |     2 |       |       ||     9
         Oozemancy         |       |       |       |       |       |     5 |    14 |     7 |     1 ||    27
Ability: Breathe Steam     |       |       |    17 |    45 |    55 |    46 |       |       |       ||   163
         Begin Untransform |       |       |       |       |       |     1 |       |       |       ||     1
  Evoke: Wand              |       |       |       |    10 |    16 |    22 |     6 |    16 |       ||    70
         Lightning rod     |       |       |       |       |       |       |       |    10 |       ||    10
         Box of beasts     |       |       |       |       |       |       |       |     1 |       ||     1
         Condenser vane    |       |       |       |       |       |       |       |     1 |       ||     1
    Use: Scroll            |       |     7 |     1 |    10 |    11 |    10 |     8 |     9 |     4 ||    60
         Potion            |       |     5 |       |       |     1 |    11 |     8 |     7 |     3 ||    35
   Stab: Sleeping          |       |     3 |     2 |     1 |     9 |     2 |    11 |     3 |     3 ||    34
         Held in net/web   |       |     1 |       |       |       |       |       |       |       ||     1
         Distracted        |       |       |     1 |     1 |     2 |     1 |     3 |     4 |       ||    12
         Confused          |       |       |       |       |    10 |     6 |    17 |       |       ||    33
         Invisible         |       |       |       |       |       |       |       |     3 |       ||     3
 Armour: Skin              |    71 |    66 |    49 |   250 |   498 |   835 |  1244 |  1234 |   425 ||  4672
  Dodge: Dodged            |    67 |    51 |    77 |   370 |   618 |   880 |   874 |  1073 |   256 ||  4266
  Block: Other             |       |       |       |       |       |       |    10 |       |       ||    10
         Reflection        |       |       |       |       |       |       |     4 |    42 |    14 ||    60
         Kite shield       |       |       |       |       |       |       |       |  1103 |   381 ||  1484
   Form: Dragon            |       |       |       |       |     2 |     1 |       |       |       ||     3
         Beast             |       |       |       |       |     1 |       |       |       |       ||     1
         Statue            |       |       |       |       |       |     2 |       |     1 |       ||     3
         Storm             |       |       |       |       |       |       |       |     1 |       ||     1

Table legend: (Time is in decaauts)
 A = Elapsed time spent in this place.
 B = Non-inter-level travel time spent in this place.
 C = Inter-level travel time spent in this place.
 D = Time resting spent in this place.
 E = Time spent auto-exploring this place.
 F = Levels seen in this place.
 G = Mean time per level.
                   A        B        C        D        E       F      G
               +--------+--------+--------+--------+--------+-----+--------+
         Total |  64789 |  57829 |   6960 |   5862 |  36988 |  58 | 1117.1 |
       Dungeon |  14559 |  12335 |   2224 |    588 |   9125 |  15 |  970.6 |
          Lair |   4109 |   3420 |    689 |    247 |   2411 |   5 |  821.8 |
         Swamp |   4025 |   3894 |    131 |   1021 |   1812 |   4 | 1006.2 |
     Snake Pit |   5179 |   4871 |    308 |    988 |   2290 |   4 | 1294.8 |
    Slime Pits |    177 |    116 |     61 |      0 |      0 |   5 |   35.4 |
  Orcish Mines |   1843 |   1701 |    142 |    153 |    691 |   2 |  921.5 |
   Elven Halls |   5311 |   5020 |    291 |    625 |   3003 |   3 | 1770.3 |
        Vaults |   8524 |   7349 |   1175 |     67 |   5218 |   5 | 1704.8 |
         Crypt |   5721 |   5184 |    537 |    825 |   3424 |   3 | 1907.0 |
        Depths |   7431 |   6320 |   1111 |    748 |   3772 |   4 | 1857.8 |
          Hell |    537 |    536 |      1 |    246 |     13 |   1 |  537.0 |
           Zot |   6910 |   6624 |    286 |    345 |   5057 |   5 | 1382.0 |
         Trove |    164 |    164 |      0 |      0 |     82 |   1 |  164.0 |
       Volcano |    291 |    291 |      0 |      7 |     87 |   1 |  291.0 |
               +--------+--------+--------+--------+--------+-----+--------+

Top non-repeatable levels by time:
 Crypt:3: 3158 daAuts
   Elf:3: 2335 daAuts
Depths:1: 2260 daAuts
Depths:4: 2133 daAuts
Vaults:2: 2113 daAuts
   Zot:3: 2098 daAuts
Vaults:5: 1916 daAuts
Depths:2: 1916 daAuts
 Swamp:3: 1864 daAuts
    D:14: 1849 daAuts
   Zot:2: 1773 daAuts
Vaults:3: 1732 daAuts
   Zot:1: 1591 daAuts
   Elf:2: 1557 daAuts
Vaults:1: 1465 daAuts
